 Dungeon Crawl Stone Soup version 0.31.0-11-ge490571c62 (webtiles) character file.

Game seed: 9231219804230443482

39421 qw the Spry (level 13, -5/67 HPs)
             Began as a Spriggan Hunter on Feb 4, 2024.
             Was a High Priest of Okawaru.
             Slain by a catoblepas (12 damage)
             ... while petrified by a catoblepas
             ... on level 5 of the Lair of Beasts.
             The game lasted 00:02:12 (12968 turns).

qw the Spry (Spriggan Hunter)                      Turns: 12968, Time: 00:02:13

Health: -5/67      AC: 12    Str:  7    XL:     13   Next: 69%
Magic:  21/21      EV:  4    Int: 10    God:    Okawaru [*****.]
Gold:   1610       SH:  0    Dex: 30    Spells: 12/12 levels left

rFire   . . .        a - +1 shortbow (flame)
rCold   . . .        (shield currently unavailable)
rNeg    + + +        f - +1 steam dragon scales
rPois   inf          c - +1 hat
rElec   .            j - +0 cloak
rCorr   .            (gloves unavailable)
SInv    +            (boots unavailable)
Will    ++...        g - amulet of faith
Stlth   +++          h - +6 ring of dexterity
HPRegen 0.31/turn    l - +4 ring of protection
MPRegen 0.17/turn

%: faith
@: petrified, very quick
A: very small, no large weapons, unfitting armour, see invisible, speed 3
a: Renounce Religion, Heroism, Finesse, Duel


You were on level 5 of the Lair of Beasts.
You worshipped Okawaru.
Okawaru was extremely pleased with you.
You visited 3 branches of the dungeon, and saw 15 of its levels.

You collected 1610 gold pieces.


Innate Abilities, Weirdness & Mutations

You are very small and have problems with some larger weapons.
You are too small for most types of armour.
You have supernaturally acute eyesight. (SInv)
You cover ground extremely quickly. (Speed+++)


   Skills:
 - Level 7.0 Fighting
 - Level 14.0 Ranged Weapons
 - Level 2.3 Armour
 + Level 19.1 Dodging
 - Level 1.5 Stealth
 - Level 10.0 Invocations


You had 12 spell levels left.
You didn't know any spells.
Your spell library was empty.

Inventory:

Hand Weapons
 a - a +1 shortbow of flaming (weapon)
Armour
 c - a +1 hat (worn)
 f - +1 steam dragon scales (worn)
 j - a +0 cloak (worn)
Jewellery
 b - an amulet of regeneration
 g - an amulet of faith (around neck)
 h - a +6 ring of dexterity (left hand)
 l - a +4 ring of protection (right hand)
Wands
 e - a wand of roots (11)
 m - a wand of mindburst (11)
 p - a wand of paralysis (7)
Scrolls
 d - 2 scrolls of teleportation
 k - 2 scrolls of poison {unknown}
 t - 2 scrolls of fear {unknown}
Potions
 i - 7 potions of curing
 n - 2 potions of resistance
 o - a potion of mutation {unknown}
 q - a potion of might
 r - 3 potions of enlightenment {unknown}
 s - a potion of haste
 u - a potion of attraction {unknown}
 v - a potion of cancellation {unknown}

Dungeon Overview and Level Annotations

Branches:
Dungeon (9/15)             Temple (1/1) D:7            Lair (5/5) D:9
 Shoals (0/4) Lair:2        Snake (0/4) Lair:2        Slime (0/5) Lair:4
    Orc (0/2) D:9

Altars:
Ashenzari
Cheibriados
Dithmenos
Elyvilon
Fedhas
Gozag
Kikubaaqudgha
Makhleb
Nemelex Xobeh
Okawaru
Qazlal
Ru
Sif Muna
Trog
Uskayaw
Vehumet
Xom
Yredelemnul
Zin
The Shining One

Shops:
D:5 [

Annotations:
Lair:4 2 transporters, qw's ghost, journeyman SpHu


Message History

The catoblepas breathes a plume of calcifying dust at you.
The blast of calcifying dust hits you.
12958 ||| Stepping ~*~*~tactically~*~*~ (cloud).
The death yak is engulfed in calcifying dust.
The catoblepas breathes a plume of calcifying dust at you.
The blast of calcifying dust hits you but does no damage.
12959 ||| Stepping ~*~*~tactically~*~*~ (cloud).
You shoot an arrow. The arrow hits the death yak!
The arrow burns the death yak.
The death yak is heavily wounded.
The catoblepas breathes a plume of calcifying dust at you.
The blast of calcifying dust hits you.
12961 ||| Stepping ~*~*~tactically~*~*~ (cloud).
You shoot an arrow. The arrow barely misses the catoblepas.
You shoot an arrow.
The arrow hits the catoblepas but does no damage.
The catoblepas breathes a plume of calcifying dust at you.
The blast of calcifying dust hits you!
You shoot an arrow. The arrow hits the catoblepas!
The arrow burns the catoblepas.
The catoblepas is moderately wounded.
You are engulfed in calcifying dust.
You are slowing down.
12965 ||| Stepping ~*~*~tactically~*~*~ (cloud).
The death yak is no longer petrified.
The catoblepas closely misses you.
Your limbs are stiffening.
You shoot an arrow.
The arrow hits the death yak but does no damage.
The death yak is heavily wounded.
The death yak is engulfed in calcifying dust.
The death yak is moving more slowly.
The death yak closely misses you.
The catoblepas gores you but does no damage.
You shoot an arrow. The arrow hits the death yak!!
The arrow burns the death yak.
The death yak is heavily wounded.
The death yak gores you!!
The catoblepas breathes a plume of calcifying dust at you.
The blast of calcifying dust hits you.
You have turned to stone.
You are engulfed in calcifying dust.
The death yak gores you! The catoblepas gores you!!
You die...

#. .%.. #..## #. #...
##..# #.##...# #...#
#.#...Y ##.%## ##..%.Y
###%.## #....% ###...##
##....### ###.....#
#.......#######......##
###..##%.%Y@.....%..##
### ##[..Y¤¤¤¤¤¤.##
##7..¤####### #####


You could see a death yak (petrifying) and a catoblepas.

Vanquished Creatures
  Nessos (Lair:4)
  Fannar (D:9)
  2 boulder beetles
  4 hydras
  A deep troll shaman (Lair:5)
  7 death yaks
  3 skysharks
  Pikel (D:4)
  2 harpies (Lair:2)
  8 elephants
  A molten gargoyle (Lair:2)
  6 black mambas
  A torpor snail (Lair:1)
  5 rime drakes
  8 cane toads
  A kobold demonologist (D:7)
  8 komodo dragons
  Prince Ribbit (D:8)
  2 polar bears
  8 blink frogs
  30 yaks
  6 steam dragons
  4 wyverns
  4 basilisks
  3 nagas (Lair:2)
  13 water moccasins
  3 orc warriors
  2 ice beasts
  2 black bears
  4 ogres
  7 wolves
  2 centaurs
  A phantom (D:6)
  2 kobold brigands
  Blork the orc (D:4)
  10 bullfrogs
  A wyvern zombie (D:7)
  5 scorpions
  2 gnoll sergeants
  17 wights
  A burial acolyte (D:7)
  5 killer bees (D:7)
  4 howler monkeys
  7 electric eels
  A bullfrog zombie (D:7)
  6 jellies
  2 centaur zombies (D:7)
  4 bombardier beetles
  2 hounds
  3 orc priests
  3 gnoll boudas
  A human zombie (D:7)
  A bullfrog skeleton (D:7)
  2 iguanas (D:5)
  4 orc wizards
  A howler monkey zombie (D:7)
  18 gnolls
  A howler monkey skeleton (D:7)
  5 adders
  2 white imps
  7 ufetubi
  2 dart slugs
  A ribbon worm (D:2)
  28 orcs
  7 ball pythons
  3 bats
  6 endoplasms
  7 goblins
  4 hobgoblins
  5 jackals
  21 kobolds
  5 quokkas
  6 frilled lizards
  3 rats
368 creatures vanquished.

Vanquished Creatures (collateral kills)
  A komodo dragon (D:7)
  Menkaure (D:7)
  An ufetubus (D:7)
3 creatures vanquished.

Grand Total: 371 creatures vanquished

Notes
Turn   | Place    | Note
-------+----------+-------------------------------------------
     0 | D:1      | qw the Spriggan Hunter began the quest for the Orb.
     0 | D:1      | Reached XP level 1. HP: 10/10 MP: 2/2
     0 | D:1      | 0 ||| qw: Version: 0.3-a-160-g6735b56
     0 | D:1      | 0 ||| qw: Game counter: 5196
     0 | D:1      | 0 ||| qw: Melee chars always use a shield: true
     0 | D:1      | 0 ||| qw: God list: Okawaru
     0 | D:1      | 0 ||| qw: Allow faded altars: false
     0 | D:1      | 0 ||| qw: Do Orc after clearing Dungeon:15 true
     0 | D:1      | 0 ||| qw: Do second Lair branch before Depths: true
     0 | D:1      | 0 ||| qw: Lair rune preference: random
     0 | D:1      | 0 ||| qw: Goals: Normal
     0 | D:1      | 0 ||| PLANNING D:1-11
    70 | D:1      | Reached skill level 3 in Dodging
   168 | D:1      | Reached XP level 2. HP: 13/14 MP: 3/3
   229 | D:1      | Reached skill level 4 in Dodging
   420 | D:1      | 420 ||| UPGRADING to +4 ring of protection.
   421 | D:1      | 421 ||| READING scroll labelled RONUCSO PIUPN.
   422 | D:1      | 422 ||| DROPPING scroll of butterflies.
   462 | D:2      | 462 ||| STAIRDANCE
   465 | D:1      | Reached XP level 3. HP: 18/18 MP: 4/4
   883 | D:2      | 883 ||| Stepping randomly (stuck).
   895 | D:2      | 895 ||| Stepping randomly (stuck).
   895 | D:2      | HP: 4/18 [ribbon worm (3)]
   903 | D:2      | 903 ||| FLEEEEING.
   904 | D:2      | 904 ||| FLEEEEING.
   905 | D:2      | 905 ||| FLEEEEING.
   906 | D:2      | 906 ||| FLEEEEING.
   907 | D:2      | 907 ||| FLEEEEING.
   908 | D:2      | 908 ||| FLEEEEING.
   909 | D:2      | 909 ||| FLEEEEING.
   910 | D:2      | 910 ||| FLEEEEING.
   912 | D:2      | 912 ||| FLEEEEING.
   913 | D:2      | 913 ||| FLEEEEING.
   914 | D:2      | 914 ||| FLEEEEING.
   915 | D:2      | 915 ||| FLEEEEING.
   917 | D:2      | 917 ||| FLEEEEING.
   919 | D:2      | 919 ||| FLEEEEING.
   920 | D:2      | 920 ||| FLEEEEING.
   921 | D:2      | 921 ||| FLEEEEING.
   922 | D:2      | 922 ||| FLEEEEING.
   923 | D:2      | 923 ||| FLEEEEING.
   925 | D:2      | 925 ||| FLEEEEING.
   926 | D:2      | 926 ||| FLEEEEING.
   927 | D:2      | 927 ||| FLEEEEING.
   928 | D:2      | 928 ||| FLEEEEING.
   930 | D:2      | 930 ||| FLEEEEING.
   931 | D:2      | 931 ||| FLEEEEING.
   932 | D:2      | 932 ||| STAIRDANCE
   973 | D:2      | Found a faded altar of an unknown god.
  1220 | D:2      | 1220 ||| UPGRADING to +0 cloak.
  1225 | D:2      | 1225 ||| READING scroll labelled QIDUUL TOOQIWK.
  1291 | D:3      | Reached XP level 4. HP: 22/22 MP: 5/5
  1299 | D:3      | Noticed a black bear
  1304 | D:3      | 1304 ||| RETREEEEATING.
  1305 | D:3      | 1305 ||| RETREEEEATING.
  1307 | D:3      | 1307 ||| RETREEEEATING.
  1308 | D:3      | 1308 ||| RETREEEEATING.
  1309 | D:3      | 1309 ||| RETREEEEATING.
  1310 | D:3      | 1310 ||| RETREEEEATING.
  1311 | D:3      | 1311 ||| RETREEEEATING.
  1316 | D:3      | Killed a black bear
  1317 | D:3      | Reached skill level 6 in Dodging
  1317 | D:3      | Reached XP level 5. HP: 25/25 MP: 6/6
  1804 | D:3      | 1804 ||| DROPPING +6 ring of intelligence.
  1805 | D:3      | 1805 ||| UPGRADING to +6 ring of strength.
  1806 | D:3      | 1806 ||| READING scroll labelled AFYAFONYMN.
  1806 | D:3      | 1806 ||| BRANDING +0 shortbow.
  1807 | D:3      | 1807 ||| READING scroll labelled ZOMO MERRATE.
  1807 | D:3      | 1807 ||| IDENTIFYING viscous blue potion
  1808 | D:3      | 1808 ||| READING scroll labelled JIM VICSOU.
  1812 | D:3      | 1812 ||| DROPPING potion of degeneration.
  1933 | D:4      | Noticed a lemure
  1933 | D:4      | Noticed a lemure
  1933 | D:4      | Noticed a lemure
  1933 | D:4      | Noticed a lemure
  1934 | D:4      | Noticed Pikel
  1937 | D:4      | 1937 ||| RETREEEEATING.
  1939 | D:4      | 1939 ||| RETREEEEATING.
  1941 | D:4      | 1941 ||| RETREEEEATING.
  1942 | D:4      | 1942 ||| RETREEEEATING.
  1944 | D:4      | 1944 ||| RETREEEEATING.
  1945 | D:4      | 1945 ||| RETREEEEATING.
  1946 | D:4      | 1946 ||| RETREEEEATING.
  1948 | D:4      | 1948 ||| RETREEEEATING.
  1949 | D:4      | 1949 ||| RETREEEEATING.
  1950 | D:4      | 1950 ||| RETREEEEATING.
  1951 | D:4      | 1951 ||| RETREEEEATING.
  1952 | D:4      | 1952 ||| RETREEEEATING.
  1954 | D:4      | 1954 ||| RETREEEEATING.
  1964 | D:4      | HP: 6/26 [Pikel/puff of flame (5)]
  1970 | D:4      | Killed Pikel
  1971 | D:4      | Reached XP level 6. HP: 9/30 MP: 7/7
  1971 | D:4      | Reached XP level 7. HP: 10/35 MP: 8/8
  2261 | D:4      | Found a basalt altar of Yredelemnul.
  2320 | D:4      | Found a glowing silver altar of Zin.
  2355 | D:4      | Noticed Blork the orc
  2367 | D:4      | Killed Blork the orc
  2368 | D:4      | Reached skill level 7 in Dodging
  2880 | D:4      | 2880 ||| READING 2 scrolls of identify.
  2880 | D:4      | 2880 ||| IDENTIFYING glowing emerald potion
  2881 | D:4      | 2881 ||| READING scroll of identify.
  2881 | D:4      | 2881 ||| IDENTIFYING green potion
  2882 | D:4      | 2882 ||| READING scroll labelled DALAEB ECYF.
  2883 | D:4      | 2883 ||| READING scroll labelled SECRAJ RIAXI.
  2884 | D:4      | 2884 ||| DRINKING 3 metallic brown potions.
  2885 | D:4      | 2885 ||| DROPPING potion of invisibility.
  2902 | D:5      | Entered Level 5 of the Dungeon
  2928 | D:5      | Found a shimmering blue altar of Sif Muna.
  3023 | D:5      | 3023 ||| FLEEEEING.
  3024 | D:5      | 3024 ||| FLEEEEING.
  3025 | D:5      | 3025 ||| FLEEEEING.
  3026 | D:5      | 3026 ||| FLEEEEING.
  3027 | D:5      | 3027 ||| FLEEEEING.
  3029 | D:5      | 3029 ||| FLEEEEING.
  3030 | D:5      | 3030 ||| FLEEEEING.
  3031 | D:5      | 3031 ||| FLEEEEING.
  3033 | D:5      | 3033 ||| FLEEEEING.
  3040 | D:5      | Reached skill level 8 in Dodging
  3081 | D:5      | 3081 ||| RETREEEEATING.
  3087 | D:5      | Reached XP level 8. HP: 39/39 MP: 9/9
  3093 | D:5      | Reached skill level 3 in Fighting
  3107 | D:5      | Found an opulent altar of Gozag.
  3131 | D:5      | Found Hux Yret's Antique Armour Boutique.
  3646 | D:5      | Reached skill level 9 in Ranged Weapons
  3870 | D:5      | 3870 ||| DROPPING scarf of harm.
  3871 | D:5      | 3871 ||| UPGRADING to amulet of regeneration.
  3876 | D:5      | 3876 ||| READING 3 scrolls of identify.
  3876 | D:5      | 3876 ||| IDENTIFYING murky red potion
  3877 | D:5      | 3877 ||| READING 2 scrolls of identify.
  3877 | D:5      | 3877 ||| IDENTIFYING fuming cyan potion
  3878 | D:5      | 3878 ||| READING scroll of identify.
  3878 | D:5      | 3878 ||| IDENTIFYING silvery potion
  3879 | D:5      | 3879 ||| READING scroll labelled KOIMMU DERIR.
  3880 | D:5      | 3880 ||| DRINKING 3 cyan potions.
  3881 | D:5      | 3881 ||| DROPPING potion of brilliance.
  3905 | D:6      | 3905 ||| STAIRDANCE
  3909 | D:6      | 3909 ||| DRINKING 2 potions of haste.
  3910 | D:6      | 3910 ||| STAIRDANCE
  3924 | D:6      | 3924 ||| RETREEEEATING.
  3928 | D:6      | 3928 ||| RETREEEEATING.
  3938 | D:6      | Reached skill level 9 in Dodging
  3984 | D:6      | 3984 ||| RETREEEEATING.
  4000 | D:6      | HP: 7/40 [steam dragon] (5)]
  4001 | D:6      | 4001 ||| DRINKING 2 potions of heal wounds.
  4003 | D:6      | 4003 ||| DRINKING potion of heal wounds.
  4008 | D:6      | Reached XP level 9. HP: 23/44 MP: 10/10
  4040 | D:6      | 4040 ||| RETREEEEATING.
  4041 | D:6      | 4041 ||| RETREEEEATING.
  4042 | D:6      | 4042 ||| RETREEEEATING.
  4043 | D:6      | 4043 ||| RETREEEEATING.
  4044 | D:6      | 4044 ||| RETREEEEATING.
  4045 | D:6      | 4045 ||| RETREEEEATING.
  4087 | D:6      | Reached skill level 10 in Dodging
  4455 | D:6      | 4455 ||| DRINKING 2 yellow potions.
  4456 | D:6      | 4456 ||| FLEEEEING.
  4457 | D:6      | 4457 ||| FLEEEEING.
  4458 | D:6      | 4458 ||| FLEEEEING.
  4459 | D:6      | 4459 ||| FLEEEEING.
  4460 | D:6      | 4460 ||| FLEEEEING.
  4461 | D:6      | 4461 ||| FLEEEEING.
  4462 | D:6      | 4462 ||| FLEEEEING.
  4463 | D:6      | 4463 ||| FLEEEEING.
  4464 | D:6      | 4464 ||| FLEEEEING.
  4465 | D:6      | 4465 ||| FLEEEEING.
  4466 | D:6      | 4466 ||| FLEEEEING.
  4467 | D:6      | 4467 ||| FLEEEEING.
  4468 | D:6      | 4468 ||| FLEEEEING.
  4469 | D:6      | 4469 ||| FLEEEEING.
  4470 | D:6      | 4470 ||| FLEEEEING.
  4471 | D:6      | 4471 ||| FLEEEEING.
  4472 | D:6      | 4472 ||| FLEEEEING.
  4473 | D:6      | 4473 ||| FLEEEEING.
  4474 | D:6      | 4474 ||| FLEEEEING.
  4475 | D:6      | 4475 ||| FLEEEEING.
  4476 | D:6      | 4476 ||| FLEEEEING.
  4477 | D:6      | 4477 ||| FLEEEEING.
  4478 | D:6      | 4478 ||| FLEEEEING.
  4479 | D:6      | 4479 ||| FLEEEEING.
  4480 | D:6      | 4480 ||| FLEEEEING.
  4481 | D:6      | 4481 ||| FLEEEEING.
  4482 | D:6      | 4482 ||| FLEEEEING.
  4483 | D:6      | 4483 ||| FLEEEEING.
  4484 | D:6      | 4484 ||| FLEEEEING.
  4485 | D:6      | 4485 ||| FLEEEEING.
  4486 | D:6      | 4486 ||| FLEEEEING.
  4487 | D:6      | 4487 ||| FLEEEEING.
  4488 | D:6      | 4488 ||| FLEEEEING.
  4489 | D:6      | 4489 ||| FLEEEEING.
  4490 | D:6      | 4490 ||| FLEEEEING.
  4491 | D:6      | 4491 ||| FLEEEEING.
  4492 | D:6      | 4492 ||| FLEEEEING.
  4493 | D:6      | 4493 ||| FLEEEEING.
  4494 | D:6      | 4494 ||| FLEEEEING.
  4495 | D:6      | 4495 ||| FLEEEEING.
  4496 | D:6      | 4496 ||| FLEEEEING.
  4497 | D:6      | 4497 ||| FLEEEEING.
  4498 | D:6      | 4498 ||| FLEEEEING.
  4499 | D:6      | 4499 ||| FLEEEEING.
  4500 | D:6      | 4500 ||| FLEEEEING.
  4501 | D:6      | 4501 ||| FLEEEEING.
  4502 | D:6      | 4502 ||| FLEEEEING.
  4503 | D:6      | 4503 ||| FLEEEEING.
  4504 | D:6      | 4504 ||| FLEEEEING.
  4505 | D:6      | 4505 ||| FLEEEEING.
  4506 | D:6      | 4506 ||| FLEEEEING.
  4507 | D:6      | 4507 ||| FLEEEEING.
  4508 | D:6      | 4508 ||| FLEEEEING.
  4509 | D:6      | 4509 ||| FLEEEEING.
  4510 | D:6      | 4510 ||| FLEEEEING.
  4511 | D:6      | 4511 ||| FLEEEEING.
  4512 | D:6      | 4512 ||| FLEEEEING.
  4513 | D:6      | 4513 ||| FLEEEEING.
  4514 | D:6      | 4514 ||| FLEEEEING.
  4515 | D:6      | 4515 ||| DROPPING potion of berserk rage.
  4516 | D:6      | 4516 ||| DROPPING wand of flame (17).
  4554 | D:7      | Reached skill level 11 in Dodging
  4735 | D:7      | 4735 ||| RETREEEEATING.
  4737 | D:7      | 4737 ||| RETREEEEATING.
  4894 | D:7      | Noticed Menkaure
  4895 | D:7      | 4895 ||| READING scroll labelled POFRI DIGRIEWIANE.
  4897 | D:7      | Noticed a komodo dragon
  4898 | D:7      | 4898 ||| DRINKING potion of haste.
  4907 | D:7      | Killed Menkaure
  4911 | D:7      | Killed a komodo dragon
  4938 | D:7      | Found a sacrificial altar of Ru.
  5283 | D:7      | Reached skill level 12 in Dodging
  5310 | D:7      | Reached XP level 10. HP: 47/49 MP: 11/11
  5321 | D:7      | Found an ancient bone altar of Kikubaaqudgha.
  5459 | D:7      | Found a staircase to the Ecumenical Temple.
  5460 | D:7      | 5460 ||| PLANNING TEMPLE
  5465 | Temple   | Entered the Ecumenical Temple
  5466 | Temple   | 5466 ||| PLANNING OKAWARU WORSHIP
  5472 | Temple   | Became a worshipper of Warmaster Okawaru
  5473 | Temple   | 5473 ||| PLANNING D:1-11
  5541 | D:8      | 5541 ||| STAIRDANCE
  5546 | D:7      | 5546 ||| Stepping ~*~*~tactically~*~*~ (cloud).
  5795 | D:8      | 5795 ||| Stepping ~*~*~tactically~*~*~ (cloud).
  5820 | D:8      | 5820 ||| Stepping ~*~*~tactically~*~*~ (cloud).
  5821 | D:8      | 5821 ||| Stepping ~*~*~tactically~*~*~ (cloud).
  5823 | D:8      | 5823 ||| Stepping ~*~*~tactically~*~*~ (cloud).
  5903 | D:8      | 5903 ||| RETREEEEATING.
  5904 | D:8      | 5904 ||| RETREEEEATING.
  5905 | D:8      | 5905 ||| RETREEEEATING.
  5918 | D:8      | Reached skill level 12 in Ranged Weapons
  6012 | D:8      | Reached * piety under Okawaru
  6078 | D:8      | 6078 ||| RETREEEEATING.
  6086 | D:8      | Reached skill level 1 in Invocations
  6191 | D:8      | Noticed Prince Ribbit
  6208 | D:8      | Killed Prince Ribbit
  6209 | D:8      | Reached skill level 13 in Dodging
  6501 | D:8      | 6501 ||| Stepping ~*~*~tactically~*~*~ (cloud).
  6617 | D:8      | 6617 ||| UPGRADING to +0 steam dragon scales.
  6627 | D:8      | 6627 ||| DROPPING +0 robe.
  6628 | D:8      | 6628 ||| DROPPING ring of magical power.
  6629 | D:8      | 6629 ||| UPGRADING to ring of protection from cold.
  6641 | D:9      | 6641 ||| STAIRDANCE
  6655 | D:9      | Reached ** piety under Okawaru
  6656 | D:9      | Reached skill level 3 in Invocations
  6668 | D:9      | Reached skill level 1 in Armour
  6835 | D:9      | Found a staircase to the Lair.
  7428 | D:9      | Found a staircase to the Orcish Mines.
  7507 | D:9      | Reached XP level 11. HP: 48/55 MP: 15/15
  7523 | D:9      | 7523 ||| PLANNING LAIR
  7523 | D:9      | 7523 ||| UPGRADING to +1 hat.
  7528 | D:9      | 7528 ||| UPGRADING to +6 ring of dexterity.
  7530 | D:9      | 7530 ||| DROPPING +6 ring of strength.
  7531 | D:9      | 7531 ||| UPGRADING to +4 ring of protection.
  7533 | D:9      | 7533 ||| DROPPING ring of protection from cold.
  7585 | Lair:1   | Entered Level 1 of the Lair of Beasts
  7585 | Lair:1   | Noticed Fannar
  7586 | Lair:1   | 7586 ||| INVOKING Heroism.
  7595 | Lair:1   | Noticed a boulder beetle
  7602 | Lair:1   | 7602 ||| STAIRDANCE
  7604 | D:9      | 7604 ||| INVOKING Heroism.
  7636 | D:9      | Killed a boulder beetle
  7636 | D:9      | Reached *** piety under Okawaru
  7641 | Lair:1   | 7641 ||| STAIRDANCE
  7646 | D:9      | 7646 ||| INVOKING Heroism.
  7660 | D:9      | Killed Fannar
  7661 | D:9      | Reached skill level 14 in Dodging
  7794 | Lair:1   | 7794 ||| RETREEEEATING.
  7796 | Lair:1   | 7796 ||| INVOKING Heroism.
  7798 | Lair:1   | 7798 ||| RETREEEEATING.
  7804 | Lair:1   | 7804 ||| RETREEEEATING.
  7805 | Lair:1   | 7805 ||| RETREEEEATING.
  7806 | Lair:1   | 7806 ||| RETREEEEATING.
  7807 | Lair:1   | 7807 ||| RETREEEEATING.
  7808 | Lair:1   | 7808 ||| RETREEEEATING.
  7809 | Lair:1   | 7809 ||| RETREEEEATING.
  7810 | Lair:1   | 7810 ||| RETREEEEATING.
  7811 | Lair:1   | 7811 ||| RETREEEEATING.
  7812 | Lair:1   | 7812 ||| RETREEEEATING.
  7813 | Lair:1   | 7813 ||| RETREEEEATING.
  7814 | Lair:1   | 7814 ||| RETREEEEATING.
  7815 | Lair:1   | 7815 ||| RETREEEEATING.
  7816 | Lair:1   | 7816 ||| RETREEEEATING.
  7817 | Lair:1   | 7817 ||| RETREEEEATING.
  7818 | Lair:1   | 7818 ||| RETREEEEATING.
  7819 | Lair:1   | 7819 ||| RETREEEEATING.
  7820 | Lair:1   | 7820 ||| RETREEEEATING.
  7823 | Lair:1   | 7823 ||| INVOKING Heroism.
  7913 | Lair:1   | Reached skill level 15 in Dodging
  7960 | Lair:1   | Reached **** piety under Okawaru
  8050 | Lair:1   | 8050 ||| RETREEEEATING.
  8051 | Lair:1   | 8051 ||| RETREEEEATING.
  8052 | Lair:1   | 8052 ||| RETREEEEATING.
  8057 | Lair:1   | 8057 ||| RETREEEEATING.
  8208 | Lair:1   | You fall into a shaft and drop 1 floor!
  8269 | Lair:2   | Found a staircase to the Snake Pit.
  8396 | Lair:2   | 8396 ||| RETREEEEATING.
  8397 | Lair:2   | 8397 ||| RETREEEEATING.
  8401 | Lair:2   | 8401 ||| RETREEEEATING.
  8403 | Lair:2   | 8403 ||| RETREEEEATING.
  8409 | Lair:2   | 8409 ||| RETREEEEATING.
  8410 | Lair:2   | 8410 ||| RETREEEEATING.
  8412 | Lair:2   | 8412 ||| RETREEEEATING.
  8414 | Lair:2   | 8414 ||| RETREEEEATING.
  8415 | Lair:2   | 8415 ||| RETREEEEATING.
  8429 | Lair:2   | HP: 5/55 [molten gargoyle/bolt of magma (32)]
  8430 | Lair:2   | 8430 ||| READING 2 scrolls of teleportation.
  8431 | Lair:2   | HP: 2/55 [elephant (5)]
  8432 | Lair:2   | 8432 ||| RETREEEEATING.
  8433 | Lair:2   | 8433 ||| RETREEEEATING.
  8476 | Lair:2   | Reached ***** piety under Okawaru
  8499 | Lair:2   | 8499 ||| READING scroll of identify.
  8499 | Lair:2   | 8499 ||| IDENTIFYING fizzy orange potion
  8500 | Lair:2   | 8500 ||| DROPPING potion of lignification.
  8809 | Lair:2   | Noticed a harpy
  8810 | Lair:2   | 8810 ||| INVOKING Finesse.
  8833 | Lair:2   | Killed a harpy
  8834 | Lair:2   | Reached skill level 6 in Invocations
  8836 | Lair:2   | Noticed a skyshark
  8839 | Lair:2   | Noticed a harpy
  8848 | Lair:2   | Killed a skyshark
  8851 | Lair:2   | Killed a harpy
  8871 | Lair:2   | Found a staircase to the Shoals.
  8874 | Lair:2   | 8874 ||| RETREEEEATING.
  8881 | Lair:2   | 8881 ||| RETREEEEATING.
  8882 | Lair:2   | 8882 ||| RETREEEEATING.
  8886 | Lair:2   | 8886 ||| RETREEEEATING.
  8887 | Lair:2   | 8887 ||| RETREEEEATING.
  8889 | Lair:2   | 8889 ||| INVOKING Finesse.
  8892 | Lair:2   | 8892 ||| RETREEEEATING.
  8893 | Lair:2   | 8893 ||| RETREEEEATING.
  8894 | Lair:2   | 8894 ||| RETREEEEATING.
  8895 | Lair:2   | 8895 ||| RETREEEEATING.
  8897 | Lair:2   | Reached XP level 12. HP: 60/60 MP: 11/18
  8904 | Lair:2   | Reached skill level 16 in Dodging
  8909 | Lair:2   | 8909 ||| RETREEEEATING.
  8911 | Lair:2   | 8911 ||| RETREEEEATING.
  8925 | Lair:2   | 8925 ||| RETREEEEATING.
  8943 | Lair:2   | 8943 ||| RETREEEEATING.
  8944 | Lair:2   | 8944 ||| RETREEEEATING.
  9180 | Lair:2   | 9180 ||| RETREEEEATING.
  9189 | Lair:2   | 9189 ||| RETREEEEATING.
  9192 | Lair:2   | Received a gift from Okawaru
  9219 | Lair:2   | Noticed a death yak
  9220 | Lair:2   | 9220 ||| RETREEEEATING.
  9222 | Lair:2   | 9222 ||| RETREEEEATING.
  9226 | Lair:2   | 9226 ||| RETREEEEATING.
  9232 | Lair:2   | 9232 ||| RETREEEEATING.
  9238 | Lair:2   | 9238 ||| INVOKING Finesse.
  9253 | Lair:2   | Killed a death yak
  9372 | Lair:2   | Noticed a boulder beetle
  9373 | Lair:2   | 9373 ||| INVOKING Finesse.
  9406 | Lair:2   | Killed a boulder beetle
  9791 | Lair:2   | 9791 ||| UPGRADING to amulet of faith.
  9801 | Lair:2   | 9801 ||| READING scroll labelled IQEIJINULY.
  9801 | Lair:2   | 9801 ||| ENCHANTING +0 steam dragon scales.
  9870 | Lair:3   | Reached skill level 9 in Invocations
 10094 | Lair:3   | 10094 ||| RETREEEEATING.
 10096 | Lair:3   | 10096 ||| RETREEEEATING.
 10098 | Lair:3   | 10098 ||| RETREEEEATING.
 10134 | Lair:3   | Received a gift from Okawaru
 10696 | Lair:3   | 10696 ||| READING scroll labelled IXZATW FOPARU.
 10696 | Lair:3   | 10696 ||| ENCHANTING +0 shortbow of flaming.
 10749 | Lair:4   | Found a staircase to the Slime Pits.
 10752 | Lair:4   | Noticed a seven-headed hydra
 10753 | Lair:4   | 10753 ||| INVOKING Finesse.
 10761 | Lair:4   | Killed a seven-headed hydra
 10779 | Lair:4   | Reached skill level 17 in Dodging
 10855 | Lair:4   | Noticed a six-headed hydra
 10856 | Lair:4   | 10856 ||| INVOKING Finesse.
 10864 | Lair:4   | Killed a six-headed hydra
 10865 | Lair:4   | Reached XP level 13. HP: 64/64 MP: 15/21
 10964 | Lair:4   | Noticed Nessos
 10965 | Lair:4   | 10965 ||| INVOKING Finesse.
 11006 | Lair:4   | Killed Nessos
 11007 | Lair:4   | Reached skill level 6 in Fighting
 11162 | Lair:4   | Found a transporter.
 11172 | Lair:4   | Noticed qw's ghost (journeyman SpHu)
 11181 | Lair:4   | Found a transporter.
 11216 | Lair:4   | 11216 ||| INVOKING Finesse.
 11217 | Lair:4   | 11217 ||| INVOKING Heroism.
 11220 | Lair:4   | Received a gift from Okawaru
 11384 | Lair:4   | 11384 ||| READING scroll of identify.
 11384 | Lair:4   | 11384 ||| IDENTIFYING fizzy blue potion
 11385 | Lair:4   | 11385 ||| READING scroll labelled BODAZU DOINO.
 11386 | Lair:4   | 11386 ||| DROPPING potion of ambrosia.
 11396 | Lair:5   | Entered Level 5 of the Lair of Beasts
 11397 | Lair:5   | 11397 ||| RETREEEEATING.
 11398 | Lair:5   | 11398 ||| RETREEEEATING.
 11399 | Lair:5   | 11399 ||| RETREEEEATING.
 11418 | Lair:5   | HP: 15/65 [six-headed hydra (5)]
 11419 | Lair:5   | 11419 ||| READING 4 scrolls of teleportation.
 11423 | Lair:5   | HP: 10/65 [poisoned by a water moccasin]
 11425 | Lair:5   | 11425 ||| READING 3 scrolls of teleportation.
 11428 | Lair:5   | HP: 7/65 [poisoned by a water moccasin]
 11631 | Lair:5   | 11631 ||| INVOKING Finesse.
 11858 | Lair:5   | Received a gift from Okawaru
 11874 | Lair:5   | Reached skill level 18 in Dodging
 11895 | Lair:5   | 11895 ||| RETREEEEATING.
 11896 | Lair:5   | 11896 ||| RETREEEEATING.
 11897 | Lair:5   | 11897 ||| RETREEEEATING.
 11898 | Lair:5   | 11898 ||| RETREEEEATING.
 11899 | Lair:5   | 11899 ||| RETREEEEATING.
 11900 | Lair:5   | 11900 ||| RETREEEEATING.
 11901 | Lair:5   | 11901 ||| RETREEEEATING.
 11902 | Lair:5   | 11902 ||| RETREEEEATING.
 11903 | Lair:5   | 11903 ||| RETREEEEATING.
 11904 | Lair:5   | 11904 ||| RETREEEEATING.
 11905 | Lair:5   | 11905 ||| RETREEEEATING.
 11906 | Lair:5   | 11906 ||| RETREEEEATING.
 11907 | Lair:5   | 11907 ||| RETREEEEATING.
 11908 | Lair:5   | 11908 ||| RETREEEEATING.
 11909 | Lair:5   | 11909 ||| RETREEEEATING.
 11910 | Lair:5   | 11910 ||| RETREEEEATING.
 11911 | Lair:5   | 11911 ||| RETREEEEATING.
 11912 | Lair:5   | 11912 ||| RETREEEEATING.
 11913 | Lair:5   | 11913 ||| RETREEEEATING.
 11914 | Lair:5   | 11914 ||| RETREEEEATING.
 11915 | Lair:5   | 11915 ||| RETREEEEATING.
 11916 | Lair:5   | 11916 ||| RETREEEEATING.
 12586 | Lair:5   | 12586 ||| RETREEEEATING.
 12588 | Lair:5   | 12588 ||| RETREEEEATING.
 12591 | Lair:5   | 12591 ||| RETREEEEATING.
 12592 | Lair:5   | 12592 ||| RETREEEEATING.
 12593 | Lair:5   | 12593 ||| RETREEEEATING.
 12594 | Lair:5   | 12594 ||| RETREEEEATING.
 12595 | Lair:5   | 12595 ||| RETREEEEATING.
 12596 | Lair:5   | 12596 ||| RETREEEEATING.
 12597 | Lair:5   | 12597 ||| RETREEEEATING.
 12598 | Lair:5   | 12598 ||| RETREEEEATING.
 12599 | Lair:5   | 12599 ||| RETREEEEATING.
 12600 | Lair:5   | 12600 ||| RETREEEEATING.
 12601 | Lair:5   | 12601 ||| RETREEEEATING.
 12602 | Lair:5   | 12602 ||| RETREEEEATING.
 12603 | Lair:5   | 12603 ||| RETREEEEATING.
 12604 | Lair:5   | 12604 ||| RETREEEEATING.
 12605 | Lair:5   | 12605 ||| RETREEEEATING.
 12606 | Lair:5   | 12606 ||| RETREEEEATING.
 12716 | Lair:5   | Received a gift from Okawaru
 12839 | Lair:5   | 12839 ||| RETREEEEATING.
 12852 | Lair:5   | 12852 ||| INVOKING Finesse.
 12853 | Lair:5   | 12853 ||| Stepping ~*~*~tactically~*~*~ (cloud).
 12860 | Lair:5   | 12860 ||| Stepping ~*~*~tactically~*~*~ (cloud).
 12882 | Lair:5   | 12882 ||| Stepping ~*~*~tactically~*~*~ (cloud).
 12916 | Lair:5   | 12916 ||| Stepping ~*~*~tactically~*~*~ (cloud).
 12918 | Lair:5   | 12918 ||| Stepping ~*~*~tactically~*~*~ (cloud).
 12936 | Lair:5   | Reached skill level 19 in Dodging
 12936 | Lair:5   | 12936 ||| Stepping ~*~*~tactically~*~*~ (cloud).
 12949 | Lair:5   | 12949 ||| Stepping ~*~*~tactically~*~*~ (cloud).
 12958 | Lair:5   | 12958 ||| Stepping ~*~*~tactically~*~*~ (cloud).
 12959 | Lair:5   | 12959 ||| Stepping ~*~*~tactically~*~*~ (cloud).
 12961 | Lair:5   | 12961 ||| Stepping ~*~*~tactically~*~*~ (cloud).
 12965 | Lair:5   | 12965 ||| Stepping ~*~*~tactically~*~*~ (cloud).
 12967 | Lair:5   | HP: 13/67 [death yak (12)]
 12968 | Lair:5   | Slain by a catoblepas

Levels and vault maps discovered:
D:1:      dpeg_arrival_connections, layout_basic, minmay_pentomino_u2
D:2:      layout_basic, ebering_ecumenical_altar_box
D:3:      layout_basic, minmay_stone_trees_small
D:4:      layout_gridville, kennysheep_mini,
          mainiacjoe_overflow_surrounded_room, st_stairs_10, uniq_blork_the_orc,
          uniq_pikel
D:5:      layout_basic, grunt_gozag_breadcrumbs,
          mainiacjoe_overflow_small_starburst, serial_shops, shop
D:6:      layout_cave_pools
D:7:      layout_loops_ring, lemuel_mausoleum_altar_kikubaaqudgha,
          hangedman_ru_absence, minmay_temple_entry_fiery, uniq_menkaure
D:8:      minmay_polygon_palace, layout_basic, uniq_prince_ribbit1
D:9:      layout_cave_pods, lair_entry_dummy, hiddenorc1_lemuel, minivault_14
Temple:   nicolae_temple_superstar
Lair:1:   layout_gridlike, st_stairs_6, chequers_serial_rivers_large_b,
          nicolae_lair_lil_pond, serial_bayou_ford_a, grunt_megastairs_1,
          uniq_fannar
Lair:2:   nzn_winding_woodlands_small [nzn_winding_woodlands_5x15_jagged,
          nzn_winding_woodlands_center_triple_pond,
          nzn_winding_woodlands_5x15_sidewinder], layout_gridlike,
          nicolae_shoals_entry_roost, guppyfry_snake_entry_garden,
          serial_forest, infiniplex_forest_lined_corner,
          infiniplex_forest_end_3, infiniplex_forest_lined_room_2,
          infiniplex_forest_straight_4, infiniplex_forest_clump_small,
          infiniplex_forest_clump_curved
Lair:3:   layout_cellular_growth
Lair:4:   layout_cave_shapes, nicolae_slime_entry_field_trip, nzn_ghost_randoct,
          chequers_serial_rivers_marsh, serial_bayou_shore_b, uniq_nessos
Lair:5:   grunt_lair_end_beastmaster, layout_hall_layers, grunt_megastairs_3,
          serial_bayou_shore_b, infiniplex_staircase_pool

Skill      XL: |  1  2  3  4  5  6  7  8  9 10 11 12 13 |
---------------+----------------------------------------+-----
Dodging        | 3 4 6 8 9 12 13 15 17 19 | 19.1
Ranged Weapons | 5 7 8 9 11 12 13 14 | 14.0
Fighting       | 2 3 4 5 7 |  7.0
Invocations    | 4 6 10 | 10.0
Armour         | 1 2 |  2.3
Stealth        | |  1.5

Action                     |  1- 3 |  4- 6 |  7- 9 | 10-12 | 13-15 || total
---------------------------+-------+-------+-------+-------+-------++-------
   Fire: Shortbow          |    87 |    83 |   460 |  1131 |   475 ||  2236
 Invoke: Heroism           |       |       |       |     5 |     1 ||     6
         Finesse           |       |       |       |     6 |     4 ||    10
    Use: Scroll            |     2 |     3 |     9 |     4 |     4 ||    22
         Potion            |       |       |     7 |       |       ||     7
 Armour: Robe              |    15 |    14 |    58 |    21 |       ||   108
         Steam dragon scal |       |       |       |    84 |    61 ||   145
  Dodge: Dodged            |    29 |    41 |   285 |   648 |   278 ||  1281

Table legend:
 A = Non-vault XP
 B = Vault XP
 C = Vault XP percentage of total XP
 D = Non-vault monster count
 E = Vault monster count
 F = Vault count percentage of total count
                 A         B        C        D         E       F
            +---------+---------+-------+---------+---------+-------
      Total |   35221 |   21095 |  37.5 |     273 |      98 |  26.4
            +---------+---------+-------+---------+---------+-------
        D:1 |      40 |       3 |   7.0 |      19 |       2 |   9.5
        D:2 |      38 |       0 |   0.0 |      19 |       0 |   0.0
        D:3 |     248 |       0 |   0.0 |      19 |       0 |   0.0
        D:4 |     116 |     722 |  86.2 |      14 |       4 |  22.2
        D:5 |    1099 |       0 |   0.0 |      25 |       0 |   0.0
        D:6 |    1665 |       0 |   0.0 |      23 |       0 |   0.0
        D:7 |    1540 |     783 |  33.7 |      35 |      13 |  27.1
        D:8 |     863 |    1699 |  66.3 |       6 |      17 |  73.9
        D:9 |    1862 |    2088 |  52.9 |      22 |      19 |  46.3
     Lair:1 |    2148 |    2214 |  50.8 |      12 |       9 |  42.9
     Lair:2 |    7608 |    5780 |  43.2 |      30 |      15 |  33.3
     Lair:3 |    4549 |       0 |   0.0 |      12 |       0 |   0.0
     Lair:4 |    4670 |    1170 |  20.0 |      13 |       4 |  23.5
     Lair:5 |    8775 |    6636 |  43.1 |      24 |      15 |  38.5
            +---------+---------+-------+---------+---------+-------
